 Dungeon Crawl Stone Soup version 0.21.1-1-g345015f (webtiles) character file.

17 solstalker the Firebug (level 2, -1/20 HPs)
             Began as a Human Fire Elementalist on Mar 29, 2018.
             Shot with a stone by a goblin (6 damage)
             ... on level 2 of the Dungeon.
             The game lasted 00:07:05 (730 turns).

solstalker the Firebug (Human Fire Elementalist)     Turns: 730, Time: 00:07:06

Health: -1/20      AC:  2    Str:  8    XL:     2   Next: 80%
Magic:  1/5        EV: 12    Int: 15    God:
Gold:   21         SH:  0    Dex: 13    Spells: 2/5 levels left

rFire    . . .     SeeInvis .   d - +0 short sword (drain)
rCold    . . .     Gourm    .   (no shield)
rNeg     . . .     Faith    .   a - +0 robe
rPois    .         Spirit   .   (no helmet)
rElec    .         Reflect  .   (no cloak)
rCorr    .         Harm     .   (no gloves)
MR       .....                  (no boots)
Stlth    ++........             (no amulet)
HPRegen  0.06/turn              (no ring)
MPRegen  0.09/turn              (no ring)

@: very slightly contaminated
A: no striking features
a: no special abilities


You were on level 2 of the Dungeon.
You were not hungry.

You visited 1 branch of the dungeon, and saw 2 of its levels.

You collected 21 gold pieces.

Inventory:

Hand Weapons
 d - a +0 short sword of draining (weapon)
 e - a +0 dagger
 g - a +0 dagger
 h - a +0 club
 j - a +2 dagger of freezing
Missiles
 c - 17 poisoned needles
 k - 6 stones (quivered)
Armour
 a - a +0 robe (worn)
Scrolls
 m - a scroll of remove curse {unknown}
Potions
 i - a potion of magic {unknown}
 l - a potion of flight {unknown}
Books
 b - a book of Flames

   Spells                             Type                      Level
   a - Flame Tongue                   Conjuration/Fire             1
   b - Throw Flame                    Conjuration/Fire             2
   c - Conjure Flame                  Conjuration/Fire             3
   d - Inner Flame                    Hexes/Fire                   3
   e - Sticky Flame                   Conjuration/Fire             4
   f - Fireball                       Conjuration/Fire             5
Comestibles
 f - a ration
 n - 2 inedible chunks of flesh


   Skills:
 + Level 0.4 Fighting
 + Level 0.2 Short Blades
 + Level 2.0 Dodging
 + Level 2.0 Stealth
 + Level 2.2 Spellcasting
 + Level 1.0 Conjurations
 + Level 3.5 Fire Magic


You had 2 spell levels left.
You knew the following spells:

 Your Spells              Type           Power        Failure   Level  Hunger
a - Flame Tongue          Conj/Fire      #....        9%          1    #......
b - Throw Flame           Conj/Fire      #.....       13%         2    ###....


Dungeon Overview and Level Annotations

Branches:
Dungeon (2/15)

Altars:


Message History

The goblin shouts!
The goblin unwields an uncursed dagger.
The goblin wields a hunting sling.
The goblin shoots a stone.
The stone barely misses you. The bat misses you.
You barely miss the bat. The bat hits you. The bat completely misses you.
The bat closely misses you.
The goblin shoots a stone.
The stone closely misses you.
You closely miss the bat. The bat hits you but does no damage. x2
The goblin shoots a stone.
The stone hits you. The bat barely misses you.
You miss the bat.
The bat closely misses you. x2; The goblin shoots a stone.
The stone hits you.
You miss the bat. The bat barely misses you.
The goblin shoots a stone.
The stone hits you.
* * * LOW HITPOINT WARNING * * *
Casting: Throw Flame
Confirm with . or Enter, or press ? or * to list all spells.
You don't have enough magic to cast that spell.
The goblin shoots a stone.
The stone barely misses you.
The stone barely misses the bat.
The bat misses you.
The goblin shoots a stone.
The stone hits you.
You die...

#.#....#.#
#.#......#
#.#.....##
#.#####.#
#...
#.########
####
#..(.....#
###(...#.#
#......#
#@b#.....
#......##
#g.......
#...#.###
#####.# #


You could see a goblin and a bat.

Vanquished Creatures
  A giant cockroach (D:1)
  2 hobgoblins (D:1)
  2 frilled lizards (D:1)
  6 goblins
  3 kobolds (D:1)
  2 rats (D:1)
16 creatures vanquished.

Notes
Turn   | Place    | Note
-------+----------+-------------------------------------------
     0 | D:1      | solstalker the Human Fire Elementalist began the quest for the Orb.
     0 | D:1      | Reached XP level 1. HP: 13/13 MP: 3/3
   176 | D:1      | Reached XP level 2. HP: 13/19 MP: 5/5
   188 | D:1      | Learned a level 2 spell: Throw Flame
   730 | D:2      | Shot with a stone by a goblin

Action                   || total
-------------------------++-------
Melee: Short sword       ||    34
       Unarmed           ||     3
Throw: Stone             ||     3
 Cast: Throw Flame       ||     7
       Flame Tongue      ||     2
  Use: Scroll            ||     2
       Potion            ||     1
 Stab: Sleeping          ||     1
  Eat: Ration            ||     1
Armor: Robe              ||     5
Dodge: Dodged            ||    32
